 Dungeon Crawl Stone Soup version 0.29-a0-892-g2c4c91d9db (webtiles) character file.

Game seed: 12776825026682308803

138 BritishOli the Slasher (level 5, -2/41 HPs)
             Began as a Demonspawn Gladiator on July 22, 2022.
             Was an Initiate of Okawaru.
             Killed from afar by a white imp (10 damage)
             ... with a puff of frost
             ... on level 6 of the Dungeon.
             The game lasted 00:04:41 (3748 turns).

BritishOli the Slasher (Demonspawn Gladiator)       Turns: 3748, Time: 00:04:42

Health: -2/41      AC:  8    Str: 17    XL:     5   Next: 1%
Magic:  5/5        EV: 12    Int: 11    God:    Okawaru [......]
Gold:   137        SH:  0    Dex: 14    Spells: 4/4 levels left

rFire   . . .      SeeInvis .   a - +0 long sword
rCold   . . .      Faith    .   (no shield)
rNeg    . . .      Spirit   .   b - +0 leather armour
rPois   .          Reflect  .   c - +0 helmet
rElec   .          Harm     .   n - +0 cloak
rCorr   .          Rampage  .   (no gloves)
Will    .....                   k - +2 pair of boots
Stlth   +.........              (no amulet)
HPRegen 0.13/turn               (no ring)
MPRegen 0.09/turn               (no ring)

@: no status effects
A: foul stench 2, big brain 1
a: Renounce Religion


You were on level 6 of the Dungeon.
You worshipped Okawaru.
Okawaru was noncommittal.
You visited 1 branch of the dungeon, and saw 5 of its levels.

You collected 137 gold pieces.

Inventory:

Hand Weapons
 a - a +0 long sword (weapon)
Missiles
 d - 3 throwing nets (quivered)
 e - a javelin
Armour
 b - a +0 leather armour (worn)
 c - a +0 helmet (worn)
 k - a +2 pair of boots (worn)
 n - a +0 cloak (worn)
Jewellery
 i - an amulet of magic regeneration
Wands
 p - a wand of digging (7)
Scrolls
 f - 4 scrolls of teleportation {unknown}
 g - 5 scrolls of identify {unknown}
 j - 2 scrolls of enchant weapon {unknown}
 l - a scroll of butterflies {unknown}
 m - a scroll of enchant armour {unknown}
 q - a scroll of vulnerability {unknown}
 r - 2 scrolls of poison {unknown}
 s - a scroll of amnesia {unknown}
 u - 3 scrolls of noise {unknown}
 v - a scroll of fear {unknown}
Potions
 h - a potion of brilliance {unknown}
 o - 2 potions of flight {unknown}
 t - a potion of magic {unknown}
 w - 2 potions of curing {unknown}
 x - 2 potions of heal wounds {unknown}


   Skills:
 * Level 3.2 Fighting
 * Level 3.5 Long Blades
 - Level 2.0 Throwing
 + Level 1.4 Armour
 + Level 3.4 Dodging


You had 4 spell levels left.
You didn't know any spells.
Your spell library contained the following spells:

 Spells                   Type           Power      Damage    Failure   Level
 Ensorcelled Hibernation  Hex/Ice        0%         N/A       54%         2
 Gell's Gravitas          Tloc           0%         N/A       77%         3
 Spider Form              Tmut/Pois      0%         N/A       77%         3
 Teleport Other           Tloc           0%         N/A       77%         3
 Anguish                  Hex/Necr       0%         N/A       99%         4
 Dispersal                Tloc           0%         N/A       100%        6
 Orb of Destruction       Conj           0%         9d5       100%        7
 Summon Guardian Golem    Hex/Summ       Unusable   N/A       N/A         3
 Spellforged Servitor     Conj/Summ      Unusable   N/A       N/A         7

Dungeon Overview and Level Annotations

Branches:
Dungeon (6/15)
 Temple: D:4-7

Altars:
Ashenzari
Okawaru
Trog
Xom

Shops:
D:4 :


Innate Abilities, Weirdness & Mutations

You sometimes emit foul miasma when damaged in melee.
You have an unusually large brain. (Int +2)


Message History

The white imp hits you but does no damage.
You barely miss the white imp. The white imp gestures at you.
The puff of frost hits you.
You hit the white imp.
The white imp is moderately wounded.
The white imp gestures at you. The puff of frost hits you!
You slash the white imp!
The white imp is almost dead.
The white imp gestures at you. The puff of frost hits you!
The white imp gestures at you. The puff of frost hits you.
You are too injured to fight recklessly!
There are no items here.
There are no items here.
There are no items here.
There are no items here.
There are no items here.
There are no items here.
There are no items here.
There are no items here.
There are no items here.
There are no items here.
There are no items here.
There are no items here.
The white imp misses you. The white imp barely misses you.
The white imp hits you but does no damage.
The white imp gestures at you. The puff of frost hits you.
* * * LOW HITPOINT WARNING * * *
The white imp picks up a beetle and eats it.
The white imp hits you but does no damage.
The white imp hits you but does no damage.
The white imp misses you. The white imp gestures at you.
The puff of frost hits you!
You die...

### #..
#.###+###+###
#5#..#.......
#@#..#.......
#.'..'###+##
#.#..#.+...+
...#..#.#...#
#....+##'.#._.#
#....#..#.#...#
#....#..#.'...+
#....+..'###+###+
#....#..#.......#


You could see a white imp.

Vanquished Creatures
  A hound (D:3)
  A gnoll (D:1)
  2 adders (D:4)
  A worm (D:3)
  2 dart slugs
  2 orcs (D:3)
  9 ball pythons
  4 bats
  6 endoplasms
  6 giant cockroaches
  7 goblins
  6 hobgoblins
  2 jackals (D:2)
  4 quokkas
  4 frilled lizards
  8 kobolds
  5 rats
70 creatures vanquished.

Notes
Turn   | Place    | Note
-------+----------+-------------------------------------------
     0 | D:1      | BritishOli the Demonspawn Gladiator began the quest for the
                  | Orb.
     0 | D:1      | Reached XP level 1. HP: 16/16 MP: 1/1
   276 | D:1      | Gained mutation: You may rarely emit foul miasma when
                  | damaged in melee. [demonic ancestry]
   276 | D:1      | Reached XP level 2. HP: 22/22 MP: 2/2
   694 | D:1      | HP: 1/23 [goblin/+0 dagger (2)]
   784 | D:2      | Gained mutation: You sometimes emit foul miasma when
                  | damaged in melee. [demonic ancestry]
   784 | D:2      | Reached XP level 3. HP: 7/28 MP: 3/3
  1772 | D:2      | Reached skill level 1 in Armour
  2500 | D:3      | Identified the +10 mace of Corruption {spect, Int+3}
  2585 | D:3      | Found an iron altar of Okawaru.
  2588 | D:3      | Reached XP level 4. HP: 33/34 MP: 4/4
  2598 | D:3      | Became a worshipper of Warmaster Okawaru
  2676 | D:3      | Identified the +7 dagger "Entorux" {speed, Dex+2}
  3313 | D:3      | Found a shimmering altar of Xom.
  3314 | D:3      | Found a bloodstained altar of Trog.
  3685 | D:4      | Gained mutation: You have an unusually large brain. (Int
                  | +2) [demonic ancestry]
  3685 | D:4      | Reached XP level 5. HP: 41/41 MP: 5/5
  3690 | D:4      | Found Kanusal's Book Boutique.
  3707 | D:4      | You fall into a shaft and drop 2 floors!
  3722 | D:6      | Found a broken altar of Ashenzari.
  3748 | D:6      | Killed from afar by a white imp

Illustrated notes

Levels and vault maps discovered:
D:1:      dpeg_arrival_chambers_temple_mockup, layout_loops_ring, minmay_cupped
D:2:      layout_basic, dreamdust_princess_bridge, serial_park_tiny_1,
          corexii_leaking_fountain, nicolae_elevator_lobby_asterisk
D:3:      layout_loops_corners, mainiacjoe_overflow_catwalk,
          gammafunk_temple_overflow_statue
D:4:      layout_layer_cave, lemuel_mausoleum_altar_yredelemnul,
          nicolae_ossuary_entry_plus, serial_shops, shop_statue,
          kennysheep_small_spiral, item_on_display_a
D:6:      layout_basic, mainiacjoe_overflow_24_doors, serial_shops,
          kennysheep_little_box

Skill      XL: |  1  2  3  4 |
---------------+-------------+-----
Throwing       | 2 |  2.0
Long Blades    | 3 |  3.5
Dodging        | 3 |  3.4
Armour         | 1 |  1.4
Fighting       | 3 |  3.2

Action                   |  1- 3 |  4- 6 || total
-------------------------+-------+-------++-------
Melee: Long sword        |   141 |    87 ||   228
Armor: Leather armour    |    47 |    49 ||    96
Dodge: Dodged            |   113 |    80 ||   193

Table legend: (Time is in decaauts)
 A = Elapsed time spent in this place.
 B = Non-inter-level travel time spent in this place.
 C = Inter-level travel time spent in this place.
 D = Time resting spent in this place.
 E = Time spent auto-exploring this place.
 F = Levels seen in this place.
 G = Mean time per level.
                   A        B        C        D        E       F      G
               +--------+--------+--------+--------+--------+-----+--------+
         Total |   3802 |   3652 |    150 |    576 |   2360 |   5 |  760.4 |
       Dungeon |   3802 |   3652 |    150 |    576 |   2360 |   5 |  760.4 |
               +--------+--------+--------+--------+--------+-----+--------+

Top non-repeatable levels by time:
     D:3: 1261 daAuts
     D:1: 1161 daAuts
     D:2: 974 daAuts
     D:4: 364 daAuts
     D:6: 41 daAuts
